 Dungeon Crawl Stone Soup version 0.17.0 (webtiles) character file.

121 Eucla the Skirmisher (level 4, -4/41 HPs)
             Began as a Minotaur Fighter on Nov 10, 2015.
             Slain by Eustachio
             ... wielding a +1 falchion of electrocution
              (14 damage)
             ... on level 3 of the Dungeon.
             The game lasted 00:02:55 (2215 turns).

Eucla the Skirmisher (Minotaur Fighter)             Turns: 2215, Time: 00:02:55

Health: -4/41      AC:  7    Str: 25    XL:     4   Next: 76%
Magic:  3/3        EV: 11    Int:  5    God:
Gold:   126        SH:  0    Dex: 11    Spells: 0 memorised, 3 levels left

rFire  . . .     SeeInvis .     a - +0 war axe
rCold  . . .     Clarity  .     b - +0 scale mail
rNeg   . . .     SustAt   .     (no shield)
rPois  .         Gourm    .     (helmet restricted)
rElec  .         Spirit   .     (no cloak)
rCorr  .         Warding  .     (no gloves)
rMut   .         Stasis   .     (no boots)
MR     .....                    (no amulet)
Stlth  ..........               (no ring)
                                (no ring)

@: mighty, not resistant to hostile enchantments, extremely unstealthy
A: retaliatory headbutt, horns 2
a: no special abilities


You were on level 3 of the Dungeon.
You were very hungry.

You visited 1 branch of the dungeon, and saw 4 of its levels.

You collected 126 gold pieces.

Inventory:

Hand Weapons
 a - a +0 war axe (weapon)
Armour
 b - a +0 scale mail (worn)
Scrolls
 c - a scroll of teleportation {unknown}
 f - 2 scrolls of immolation {unknown}
 h - a scroll of recharging {unknown}
 i - a scroll of remove curse {unknown}
 l - a scroll of magic mapping {unknown}
 o - 2 scrolls of identify {unknown}
 p - 2 scrolls of amnesia {unknown}
 r - a scroll of random uselessness {unknown}
Potions
 k - 2 potions of ambrosia {unknown}
 m - 2 potions of poison {unknown}
 q - 2 potions of flight {unknown}
 t - a potion of berserk rage {unknown}
Comestibles
 e - 3 bread rations
 j - a slice of pizza
 n - 2 fruits
 s - a meat ration


   Skills:
 + Level 4.7 Fighting
 + Level 3.4 Axes
 + Level 4.3 Armour
 + Level 2.5 Dodging
   Level 3.6 Shields


You had 3 spell levels left.
You didn't know any spells.

Dungeon Overview and Level Annotations

Branches:
Dungeon (4/15)
 Temple: D:4-7

Altars:
Ashenzari

Annotations:
D:3 Eustachio


Innate Abilities, Weirdness & Mutations

You reflexively headbutt those who attack you in melee.
You have a pair of horns on your head.


Message History

Eustachio hits you but does no damage.
You are electrocuted!
* * * LOW HITPOINT WARNING * * *
Unknown command.
You closely miss Eustachio.
Eustachio is moderately wounded.
You slash the rat!
You kill the rat!
The rat's corpse disappears in a puff of smoke!
The bat hits you but does no damage. Eustachio closely misses you.
Unknown command.
You slash Eustachio! Your headbutt misses Eustachio.
Eustachio is heavily wounded.
You closely miss the bat. The bat closely misses you.
Eustachio closely misses you.
Unknown command.
You closely miss Eustachio.
Eustachio is heavily wounded.
The bat barely misses you. Eustachio hits you but does no damage.
You are electrocuted!
You die...

#. #. #. ##.
#####.. #.....#
############.###..
#@....†...........
#@#########.......
#.# ######...###.
#b# #...##.......
#.####.#.##...####
#.##...#......####
#.##.#####........
#.##...#.....#####
#.####.#.##..# #.#
#...##..#


You could see Eustachio and a bat.

Vanquished Creatures
  6 adders
  An ooze (D:2)
  A worm (D:2)
  2 giant geckos (D:3)
  An orc (D:3)
  3 giant cockroaches
  4 goblins
  8 hobgoblins
  4 jackals
  A quokka (D:3)
  9 bats
  A giant newt (D:2)
  8 kobolds
  6 rats
55 creatures vanquished.

Notes
Turn   | Place    | Note
--------------------------------------------------------------
     0 | D:1      | Eucla the Minotaur Fighter began the quest for the Orb.
     0 | D:1      | Reached XP level 1. HP: 19/19 MP: 0/0
   129 | D:1      | Reached XP level 2. HP: 27/27 MP: 1/1
   295 | D:1      | Reached skill level 1 in Dodging
   332 | D:1      | Reached skill level 4 in Fighting
   560 | D:1      | You fall through a shaft!
   571 | D:2      | Reached XP level 3. HP: 33/33 MP: 2/2
   861 | D:2      | Reached XP level 4. HP: 34/41 MP: 3/3
  1594 | D:3      | Found a shattered altar of Ashenzari.
  2187 | D:4      | Noticed Eustachio
  2200 | D:4      | HP: 1/41 [Eustachio/falchion of electrocution (11)]
  2215 | D:3      | Slain by Eustachio

Action                   |  1- 3 |  4- 6 || total
-------------------------+-------+-------++-------
Melee: War axe           |    72 |    60 ||   132
  Use: Potion            |       |     4 ||     4
  Eat: Chunk             |       |     3 ||     3
